 Dungeon Crawl Stone Soup version 0.27.1-1-g398f81649c (webtiles) character file.

Game seed: 9790367658340814843

16 glosham the Magician (level 2, -7/23 HPs)
             Began as a Djinni Enchanter on Sept 15, 2021.
             Was an Initiate of Makhleb.
             Killed by divine providence
             ... invoked by an orc priest
              (14 damage)
             ... on level 3 of the Dungeon.
             The game lasted 00:14:45 (649 turns).

glosham the Magician (Djinni Enchanter)              Turns: 649, Time: 00:14:45

Health: -7/23      AC:  2    Str:  7    XL:     2   Next: 70%
Gold:   33         EV: 12    Int: 16    God:    Makhleb [......] SH:  0 Dex: 13

rFire    + + .     SeeInvis .   a - +1 dagger
rCold    x . .     Faith    .   (no shield)
rNeg     . . .     Spirit   .   X - +0 robe
rPois    ∞         Reflect  .   (no helmet)
rElec    .         Harm     .   (no cloak)
rCorr    .         Rampage  .   (no gloves)
Will     .....                  (boots unavailable)
Stlth    ++........             (no amulet)
HPRegen  0.07/turn              (no ring)
MPRegen  0.00/turn              (no ring)

@: flying
A: sickness immunity, fire resistance 2, cold vulnerability 1, float, innate
caster, hp casting, extra vitality 1
a: Renounce Religion


You were on level 3 of the Dungeon.
You worshipped Makhleb.
Makhleb was noncommittal.
You visited 2 branches of the dungeon, and saw 5 of its levels.

You collected 33 gold pieces.

Inventory:

Hand Weapons
 a - a +1 dagger (weapon)
 b - a +0 great mace
 e - a +0 hand axe
 f - a +0 war axe
Missiles
 g - 15 sling bullets
Armour
 c - a +0 ring mail
 X - a +0 robe (worn)
Scrolls
 h - a scroll of enchant weapon {unknown}


   Skills:
 * Level 2.1 Fighting
 - Level 0.8 Short Blades
 - Level 2.1 Dodging
 - Level 2.4 Stealth
 - Level 2.4 Spellcasting


You couldn't memorise any spells.
You knew the following spells:

 Your Spells              Type           Power      Damage    Failure   Level
c - Confusing Touch       Hex            9%         N/A       22%         3
d - Dazzling Flash        Conj/Hex       18%        N/A       22%         3
e - Ensorcelled Hibernat  Hex/Ice        18%        N/A       11%         2
q - Corona                Hex            10%        N/A       8%          1
t - Tukima's Dance        Hex            9%         N/A       22%         3
Your spell library was empty.

Dungeon Overview and Level Annotations

Branches:
Dungeon (4/15)             Temple (1/1) D:4

Altars:
Ashenzari
Dithmenos
Elyvilon
Fedhas
Hepliaklqana
Kikubaaqudgha
Makhleb
Okawaru
Qazlal
Ru
Sif Muna
Vehumet
Wu Jian
Xom
Yredelemnul
The Shining One

Annotations:
D:3 2 runed translucent doors, Ijyb
D:4 exclusion: phantom, Eustachio


Innate Abilities, Weirdness & Mutations

You are immune to sickness and miasma.
You are immune to poison.
Your flesh is very heat resistant. (rF++)
You are vulnerable to cold. (rC-)
You float through the air rather than walking.
You learn spells naturally, not from books.
Your magical power is your life essence.
You have superior vitality. (+4 HP)


Message History

Ijyb looks drowsy...
You fly downwards.
Level annotation: exclusion: phantom, Eustachio
There is a stone staircase leading up here.
There is an open door here.
There is a stone staircase leading up here.
You fly upwards.
Level annotation: 2 runed translucent doors, Ijyb
There is a stone staircase leading down here.
A frilled lizard comes into view.
Casting: Ensorcelled Hibernation (safe; 11% risk of failure)
Confirm with . or Enter, or press ? or * to list all spells.
Aiming: Ensorcelled Hibernation (safe; 11% risk of failure)
Press: ? - help, Shift-Dir - straight line, f - frilled lizard
Aim: a frilled lizard (chance to affect: 58%)
The frilled lizard looks drowsy...
The helpless frilled lizard fails to defend itself.
You puncture the frilled lizard!
You kill the frilled lizard!
Makhleb accepts your kill.
A goblin comes into view. It is wielding a +0 club.
Found a pink potion.
Found a glowing falchion.
Casting: Ensorcelled Hibernation (safe; 11% risk of failure)
Confirm with . or Enter, or press ? or * to list all spells.
Aiming: Ensorcelled Hibernation (safe; 11% risk of failure)
Press: ? - help, Shift-Dir - straight line, f - goblin
Aim: a goblin, wielding a +0 club (chance to affect: 58%)
The goblin looks drowsy...
A goblin comes into view. It is wielding a +0 dagger.
The goblin shouts!
The goblin hits you with a +0 club.
A ball python, 2 orcs and an orc priest come into view.
An orc is wielding a +0 club and wearing a +0 ring mail of willpower.
Found a dagger.
The orc shouts!
The ball python hisses angrily.
The orc priest shouts!
The orc priest mumbles some strange prayers to Beogh against you.
Beogh smites you!
Ouch! That really hurt!
You die...

#.# #)# .o ..#
.## #g. #S. #.
#.# #.o #. #.#
.. #.##.# .#
#..#.####.#
##.#..g.@!#
######....######
.......#..#
..........#
######.###
#.########
#######........#
.
........########
#.#######.##


You could see an orc priest, an orc, a goblin and a ball python.

Vanquished Creatures
  A dart slug (D:4)
  An orc (D:3)
  2 goblins (D:4)
  A hobgoblin (D:4)
  3 jackals (D:4)
  A quokka (D:4)
  A ball python (D:4)
  A frilled lizard (D:3)
11 creatures vanquished.

Notes
Turn   | Place    | Note
-------+----------+-------------------------------------------
     0 | D:1      | glosham the Djinni Enchanter began the quest for the Orb.
     0 | D:1      | Reached XP level 1. HP: 15/15 MP: 0/0
    17 | D:3      | Found a large runed translucent door.
    17 | D:3      | Found a large runed translucent door.
    70 | D:4      | Noticed a phantom
   110 | D:4      | Reached skill level 1 in Fighting
   169 | D:4      | Found a staircase to the Ecumenical Temple.
   173 | D:4      | Reached XP level 2. HP: 4/23 MP: 0/0
   176 | Temple   | Entered the Ecumenical Temple
   258 | Temple   | Became a worshipper of Makhleb the Destroyer
   426 | D:4      | Reached skill level 2 in Fighting
   447 | D:4      | Noticed Eustachio
   485 | D:4      | Noticed a quasit
   611 | D:3      | Noticed Ijyb
   649 | D:3      | Killed from afar by an orc priest

Illustrated notes

Levels and vault maps discovered:
D:1:      dpeg_arrival_pits, layout_rooms, corner_web_ring, chequers_jeans
D:2:      layout_loops_ring, hellmonk_ecumenical_altar_zigzags,
          chequers_serial_rivers_micro_c
D:3:      layout_loops_ring, jmf_multi_god_temple2, uniq_ijyb,
          uniq_crazy_yiuf_cottage, uniq_natasha
D:4:      layout_gridville, minmay_temple_entry_hall,
          hangedman_abyss_or_decor_stabs, uniq_eustachio
Temple:   regret_index_temple_sphere_string

Skill      XL: |  1  2 |
---------------+-------+-----
Fighting       | 1 2 |  2.1
Short Blades   | |  0.8
Dodging        | |  2.1
Stealth        | |  2.4
Spellcasting   | |  2.4

Action                   || total
-------------------------++-------
Melee: Dagger            ||    23
 Cast: Corona            ||     5
       Ensorcelled Hiber ||     9
  Use: Scroll            ||     2
 Stab: Sleeping          ||     8
Armor: Robe              ||     9
Dodge: Dodged            ||    17

Table legend: (Time is in decaauts)
 A = Elapsed time spent in this place.
 B = Non-inter-level travel time spent in this place.
 C = Inter-level travel time spent in this place.
 D = Time resting spent in this place.
 E = Time spent auto-exploring this place.
 F = Levels seen in this place.
 G = Mean time per level.
                   A        B        C        D        E       F      G
               +--------+--------+--------+--------+--------+-----+--------+
         Total |    648 |    648 |      0 |      8 |      0 |   5 |  129.6 |
       Dungeon |    551 |    551 |      0 |      8 |      0 |   4 |  137.8 |
        Temple |     97 |     97 |      0 |      0 |      0 |   1 |   97.0 |
               +--------+--------+--------+--------+--------+-----+--------+

Top non-repeatable levels by time:
     D:4: 505 daAuts
  Temple: 97 daAuts
     D:3: 38 daAuts
     D:2: 4 daAuts
     D:1: 2 daAuts

Table legend:
 A = Kills in this place as a percentage of kills in entire the game.
 B = Kills by you in this place as a percentage of kills by you in the entire game.
 C = Kills by friends in this place as a percentage of kills by friends in the entire game.
 D = Other kills in this place as a percentage of other kills in the entire game.
 E = Experience gained in this place as a percentage of experience gained in the entire game.
 F = Experience gained in this place divided by the number of levels of this place that you have seen.
                   A       B       C       D       E      F
               +-------+-------+-------+-------+-------+----------------------
         Total | 100.0 | 100.0 |   N/A |   N/A | 100.0 |   4.6
       Dungeon | 100.0 | 100.0 |   N/A |   N/A | 100.0 |   5.8
               +-------+-------+-------+-------+-------+----------------------
